 Dungeon Crawl Stone Soup version 0.31-a0-263-ge8cad7f256 (webtiles) character file.

Game seed: 6596836565139128375

858 cforsyth the Ruffian (level 8, -10/61 HPs)
             Began as a Meteoran Shapeshifter on July 13, 2023.
             Mangled by Duvessa
             ... wielding a +0 short sword
              (14 damage)
             ... on level 5 of the Dungeon on July 14, 2023.
             The game lasted 00:15:19 (1879 turns).

cforsyth the Ruffian (Meteoran Shapeshifter)        Turns: 1879, Time: 00:15:20

Health: -10/61     AC:  3    Str: 19    XL:     8   Next: 46%
Magic:  9/9        EV: 12    Int: 10    God:
Gold:   118        SH:  0    Dex: 14    Spells: 7/7 levels left

rFire   . .          .
                       - Unarmed
rCold   . . .        (no shield)
rNeg    . . .        u - +0 leather armour
rPois   .            (helmet currently unavailable)
rElec   .            (cloak currently unavailable)
rCorr   .            (gloves currently unavailable)
SInv    .            (boots currently unavailable)
Will    +....        f - amulet of the acrobat
Stlth   +            (no ring)
HPRegen 0.30/turn    (no ring)
MPRegen 0.11/turn

%: acrobat
@: beast-form, glowing
A: beast (slay +5), sense surroundings 1, otherworldly, glowing, explore regen
a: Begin Untransformation


You were on level 5 of the Dungeon.
You were a hulking beast.
You visited 1 branch of the dungeon, and saw 5 of its levels.
You also visited: Sewer.

You collected 118 gold pieces.

Inventory:

Armour
 a - a +0 animal skin
 u - a +0 leather armour (worn)
Jewellery
 f - an amulet of the acrobat (around neck)
 l - an amulet of faith
Talismans
 c - a beast talisman
Wands
 b - a wand of roots (3)
Scrolls
 e - a scroll of poison {unknown}
 h - 7 scrolls of identify {unknown}
 i - a scroll of revelation {unknown}
 k - a scroll of blinking {unknown}
 m - a scroll of teleportation {unknown}
 p - 2 scrolls of enchant armour {unknown}
 r - a scroll of immolation {unknown}
 s - a scroll of amnesia {unknown}
 v - a scroll of noise {unknown}
 w - a scroll of summoning {unknown}
Potions
 d - 2 potions of curing
 g - 2 potions of magic {unknown}
 j - 3 potions of heal wounds
 n - 2 potions of cancellation {unknown}
 o - a potion of resistance {unknown}
 q - a potion of might {unknown}
 t - a potion of attraction {unknown}


   Skills:
 - Level 2.1 Fighting
 - Level 2.4 Dodging
 + Level 7.8 Unarmed Combat
 + Level 7.2 Shapeshifting


You had 7 spell levels left.
You didn't know any spells.
Your spell library was empty.

Dungeon Overview and Level Annotations

Branches:
Dungeon (5/15) Zot: 1598    Sewer (visited)
 Temple: D:4-7

Altars:
Qazlal

Shops:
D:1 :   D:3 :!?

Annotations:
D:1 1 transporter
D:5 Duvessa


Innate Abilities, Weirdness & Mutations

You are a hulking beast.
Your limbs bulge with bestial killing power. (Slay +5)
You passively map a small area around you.
You are easily found by Zot.
You glow in the dark.
You regain HP and MP as you explore.


Message History

Dowan is heavily wounded.
The grasping roots constrict Duvessa.
The grasping roots constrict Dowan!
The roots release their grip on Duvessa.
You hit Dowan but do no damage. You punch Dowan.
Dowan is almost dead.
The grasping roots constrict Dowan.
You kill Dowan!
Duvessa screams in rage.
Duvessa goes berserk!
A phantom comes into view.
Duvessa hits you with a +0 short sword!
You hit Duvessa.
Duvessa is moderately wounded.
Duvessa barely misses you.
You punch Duvessa!
Duvessa is heavily wounded.
Duvessa hits you with a +0 short sword!
You closely miss Duvessa. Your punch misses Duvessa.
Duvessa is heavily wounded.
Duvessa misses you. Duvessa hits you with a +0 short sword!
* * * LOW HITPOINT WARNING * * *
Aiming: Fastroot
Press: ? - help, Shift-Dir - straight line, f - phantom, p - Duvessa
Aim: a phantom (immune to roots)
The roots erupt in riotous growth!
The phantom is unaffected.
Roots grab Duvessa.
The grasping roots constrict Duvessa!
Duvessa barely misses you.
You hit Duvessa. You punch Duvessa.
Duvessa is severely wounded.
The grasping roots constrict Duvessa.
The roots release their grip on Duvessa.
Duvessa hits you with a +0 short sword!
* * * LOW HITPOINT WARNING * * *
The phantom misses you. Duvessa hits you with a +0 short sword.
* * * LOW HITPOINT WARNING * * *
Unknown command.
You barely miss Duvessa.
Duvessa is severely wounded.
Duvessa hits you with a +0 short sword!
You die...

#### *
##...## ,
##.....## *
##.......##
#h........#
#eW........
#...[.....#
##.......#
##.....##
##...## , *
...# * ...#
#### *,


You could see Duvessa (berserk) and a phantom.

Vanquished Creatures
  An ogre (D:4)
  3 kobold brigands (Sewer)
  A scorpion (D:4)
  Dowan (D:5)
  A howler monkey (D:4)
  A hound (D:4)
  Ijyb (D:3)
  4 orc wizards
  Jessica (D:3)
  6 gnolls (D:4)
  6 adders
  2 river rats (Sewer)
  A white imp (D:3)
  2 worms (Sewer)
  6 dart slugs
  3 orcs
  6 ball pythons
  6 endoplasms
  A giant cockroach (D:1)
  7 hobgoblins
  4 quokkas
  8 bats
  7 goblins
  7 kobolds
  10 rats
96 creatures vanquished.

Notes
Turn   | Place    | Note
-------+----------+-------------------------------------------
     0 | D:1      | cforsyth the Meteoran Shapeshifter began the quest for the
                  | Orb.
     0 | D:1      | Reached XP level 1. HP: 17/17 MP: 2/2
    37 | D:1      | Reached XP level 2. HP: 15/24 MP: 3/3
   193 | D:1      | Found Ledu's Book Shop.
   202 | D:1      | Reached XP level 3. HP: 27/29 MP: 4/4
   538 | D:2      | Reached XP level 4. HP: 33/36 MP: 5/5
   632 | D:3      | Found a glowing drain.
   649 | Sewer    | Entered a sewer
   824 | Sewer    | Reached XP level 5. HP: 16/41 MP: 6/6
   925 | Sewer    | Noticed a kobold brigand
   934 | Sewer    | Killed a kobold brigand
   935 | Sewer    | Reached skill level 5 in Unarmed Combat
   935 | Sewer    | Reached skill level 5 in Shapeshifting
   935 | Sewer    | Reached XP level 6. HP: 48/48 MP: 7/7
   992 | Sewer    | Reached XP level 7. HP: 44/55 MP: 8/8
  1041 | Sewer    | Glimpsed the power of Zot.
  1079 | Sewer    | Glimpsed the power of Zot.
  1112 | D:3      | Noticed Ijyb
  1137 | D:3      | Killed Ijyb
  1183 | D:3      | Found Sunyrege's Book Shoppe.
  1290 | D:3      | Noticed Jessica
  1302 | D:3      | Killed Jessica
  1325 | D:3      | Found Ifuett's Magic Scroll Emporium.
  1622 | D:3      | Found Duupnoz's Distillery.
  1647 | D:4      | Reached XP level 8. HP: 9/61 MP: 9/9
  1803 | D:4      | Found a stormy altar of Qazlal.
  1864 | D:5      | Entered Level 5 of the Dungeon
  1864 | D:5      | Noticed Dowan
  1865 | D:5      | Noticed Duvessa
  1873 | D:5      | Killed Dowan
  1879 | D:5      | Mangled by Duvessa

Illustrated notes

Levels and vault maps discovered:
D:1:      spicycebolla_arrival_risky_transporter, layout_basic, serial_shops,
          nicolae_diamond_shop
D:2:      minmay_spotlight, layout_loops_ring
D:3:      layout_basic, grunt_temple_overflow_lords_of_destruction,
          cheibrodos_sewer_entry_sluice, serial_shops,
          nicolae_shop_hallway_plus, shop, nicolae_shop_hallway_stairs, shop,
          shop, uniq_natasha, uniq_ijyb, uniq_jessica
D:4:      layout_loops_ring, elyvilon_altar_1, lemuel_round_altar,
          amcnicky_mini_rare_corridor_liquid, dk_noncrumbling_4,
          minmay_misc_feat_enclosed, dreamdust_gnoll_farm
D:5:      layout_loops_corners, mainiacjoe_overflow_tiny_flanked, uniq_duvessa,
          uniq_crazy_yiuf_cottage

Skill      XL: |  1  2  3  4  5  6  7  8 |
---------------+-------------------------+-----
Unarmed Combat | 3 4 5 7 |  7.8
Shapeshifting  | 4 5 6 7 |  7.2
Fighting       | |  2.1
Dodging        | |  2.4

Action                     |  1- 3 |  4- 6 |  7- 9 || total
---------------------------+-------+-------+-------++-------
  Melee: Unarmed           |    60 |    79 |   132 ||   271
         Punch             |     2 |       |     7 ||     9
  Evoke: Wand              |       |     7 |     2 ||     9
    Use: Potion            |       |     1 |     2 ||     3
 Armour: Animal skin       |    16 |     8 |     6 ||    30
         Skin              |       |       |    14 ||    14
         Leather armour    |       |       |     4 ||     4
  Dodge: Dodged            |    44 |    53 |    64 ||   161

Table legend: (Time is in decaauts)
 A = Elapsed time spent in this place.
 B = Non-inter-level travel time spent in this place.
 C = Inter-level travel time spent in this place.
 D = Time resting spent in this place.
 E = Time spent auto-exploring this place.
 F = Levels seen in this place.
 G = Mean time per level.
                   A        B        C        D        E       F      G
               +--------+--------+--------+--------+--------+-----+--------+
         Total |   1989 |   1972 |     17 |      7 |      0 |   6 |  331.5 |
       Dungeon |   1400 |   1383 |     17 |      7 |      0 |   5 |  280.0 |
         Sewer |    588 |    588 |      0 |      0 |      0 |   1 |  588.0 |
               +--------+--------+--------+--------+--------+-----+--------+

Top non-repeatable levels by time:
   Sewer: 588 daAuts
     D:4: 445 daAuts
     D:1: 368 daAuts
     D:3: 338 daAuts
     D:2: 234 daAuts
     D:5: 13 daAuts
